 Dungeon Crawl Stone Soup version 0.29-a0-91-gdebf4667c2 (webtiles) character file.

Game seed: 7796518799703501538

77589 kae the Alchemist (level 15, -9/180 (186) HPs)
             Began as a Red Draconian Transmuter on Feb 8, 2022.
             Was the Champion of Ru.
             Mangled by an orc warrior (13 damage)
             ... on level 2 of the Orcish Mines.
             The game lasted 00:18:45 (30042 turns).

kae the Alchemist (Red Draconian Transmuter)       Turns: 30042, Time: 00:18:45

HP:   -9/180 (186)  AC: 19    Str: 32    XL:     15   Next: 15%
MP:   24/24         EV: 11    Int: 16    God:    Ru [******]
Gold: 1178          SH:  0    Dex: 15    Spells: 10/30 levels left

rFire   + + .      SeeInvis .     - Unarmed
rCold   x . .      Faith    .   (shield currently unavailable)
rNeg    + . .      Spirit   .   (armour unavailable)
rPois   +          Reflect  .   (helmet currently unavailable)
rElec   .          Harm     .   (cloak currently unavailable)
rCorr   .          Rampage  .   (gloves currently unavailable)
Will    +....                   (boots currently unavailable)
Stlth   +.........              (no amulet)
HPRegen 0.40/turn               l - +4 ring of protection
MPRegen 0.19/turn               y - ring "Hunuc" {*Corrode rN+ Str+4 Dex+4 Slay+4}

@: dragon-form, corroded, flying, lightly drained, unable to read
A: dragon claw, dragon scales, flying, boosted hp, breathe fire, AC +9, giant,
unfitting armour, (fire resistance 1), low MP 1, (cold-blooded), inability to
read while threatened, inability to use devices, hated by all, disrupted magic 1
a: Breathe Fire, End Transformation, Renounce Religion, Draw Out Power, Power
Leap, Apocalypse


You were on level 2 of the Orcish Mines.
You worshipped Ru.
Ru was exalted by your worship.
You were a fearsome fire dragon!
You visited 4 branches of the dungeon, and saw 22 of its levels.

You collected 1293 gold pieces.
You spent 115 gold pieces at shops.

Inventory:

Missiles
 n - 8 throwing nets
Armour
 r - a +0 cloak (melded)
Jewellery
 a - a +6 ring of intelligence
 b - a ring of flight
 c - a ring of ice
 h - a ring of positive energy
 l - a +4 ring of protection (left foreclaw)
 m - a ring of protection from fire
 s - a ring of protection from cold
 y - the ring "Hunuc" (right foreclaw) {*Corrode rN+ Str+4 Dex+4 Slay+4}
   (You found it on level 7 of the Dungeon)

   [ring of slaying]

   Str:       It affects your strength (+4).
   Dex:       It affects your dexterity (+4).
   Slay:      It affects your accuracy & damage with ranged weapons and melee
   (+4).
   rN:        It protects you from negative energy.
   *Corrode:  It may corrode you when you take damage.
 J - a +4 ring of evasion
 K - a ring of wizardry
 L - a ring of protection from fire
 M - an amulet of the acrobat
 Q - a +4 ring of protection
Wands
 f - a wand of polymorph (12)
 o - a wand of iceblast (18)
 u - a wand of mindburst (23)
 v - a wand of digging (14)
 x - a wand of flame (36)
 z - a wand of acid (21)
 H - a wand of charming (4)
Scrolls
 d - 15 scrolls of teleportation
 p - 2 scrolls of enchant weapon
 t - 2 scrolls of magic mapping
 w - 3 scrolls of fog
 A - 4 scrolls of identify
 E - 3 scrolls of enchant armour
 G - a scroll of fear
 O - a scroll of silence
 P - a scroll of holy word
Potions
 e - 2 potions of resistance
 g - 5 potions of haste
 i - 4 potions of degeneration
 j - 14 potions of curing
 k - 4 potions of attraction
 q - 5 potions of lignification
 B - 3 potions of magic
 C - a potion of brilliance
 D - 5 potions of invisibility
 F - a potion of flight
 I - 2 potions of might
 N - 2 potions of mutation


   Skills:
 + Level 9.0 Fighting
 + Level 8.0 Dodging
 * Level 12.0 Unarmed Combat
 + Level 8.0 Spellcasting
 - Level 19.1 Transmutations
 - Level 5.0 Ice Magic
 - Level 2.0 Poison Magic


You had 10 spell levels left.
You knew the following spells:

 Your Spells              Type           Power      Damage    Failure   Level
a - Dragon Form           Tmut           30%        N/A       6%          7
b - Spider Form           Tmut/Pois      40%        N/A       1%          3
c - Ice Form              Ice/Tmut       45%        N/A       1%          4
d - Blade Hands           Tmut           30%        N/A       1%          5
e - Beastly Appendage     Tmut           100%       N/A       1%          1

Your spell library contained the following spells:

 Spells                   Type           Power      Damage    Failure   Level
 Passwall                 Tmut/Erth      30%        N/A       1%          2
 Wereblood                Tmut           61%        N/A       1%          2
 Ensorcelled Hibernation  Hex/Ice        28%        N/A       10%         2
 Irradiate                Conj/Tmut      18%        3d19      10%         5
 Pain                     Necr           24%        1d5       16%         1
 Static Discharge         Conj/Air       6%         N/A       24%         2
 Eringya's Noxious Bog    Tmut/Pois      20%        N/A       30%         6
 Mephitic Cloud           Conj/Pois/Air  8%         N/A       34%         3
 Dazzling Flash           Conj/Hex       12%        N/A       41%         3
 Swiftness                Air            6%         N/A       41%         3
 Vampiric Draining        Necr           6%         2d6       41%         3
 Airstrike                Air            3%         N/A       80%         4
 Agony                    Necr           6%         N/A       98%         5
 Lightning Bolt           Conj/Air       3%         1d14      98%         5
 Silence                  Hex/Air        3%         N/A       98%         5
 Dispersal                Tloc           3%         N/A       100%        6
 Starburst                Conj/Fire      3%         6d3       100%        6
 Disjunction              Tloc           3%         N/A       100%        8
 Maxwell's Capacitive Co  Air            3%         ∞         100%        8
 Animate Skeleton         Necr           Unusable   N/A       N/A         1
 Summon Lightning Spire   Summ/Air       Unusable   N/A       N/A         4
 Summon Forest            Summ/Tloc      Unusable   N/A       N/A         5
 Summon Hydra             Summ           Unusable   N/A       N/A         7

Dungeon Overview and Level Annotations

Branches:
Dungeon (13/15)            Temple (1/1) D:6            Lair (6/6) D:11
 Shoals (0/4) Lair:2       Spider (0/4) Lair:4        Slime (0/5) Lair:5
    Orc (2/2) D:10            Elf (0/3) Orc:2
 Vaults: D:13-14

Altars:
Ashenzari
Cheibriados
Dithmenos
Elyvilon
Fedhas
Gozag
Hepliaklqana
Kikubaaqudgha
Makhleb
Nemelex Xobeh
Okawaru
Qazlal
Ru
Sif Muna
Trog
Uskayaw
Vehumet
Wu Jian
Xom
Yredelemnul
Zin
The Shining One

Shops:
D:6 ?


Innate Abilities, Weirdness & Mutations

You are a fearsome fire dragon!
You have a powerful clawing attack.
Your giant scaled body is strong and resiliant, but less evasive.
Your breath weapon is enhanced in this form.
You are flying.
Your maximum health is greatly increased.
Your armour is entirely melded.
You are incapable of wielding weapons or throwing items.
You can breathe blasts of fire.
Your fiery red scales are hard. (AC +9)
You cannot fit into any form of body armour.
((Your flesh is heat resistant. (rF+)))
Your magical capacity is low. (-10% MP)
((You are cold-blooded and may be slowed by cold attacks.))
You sometimes lose the ability to read scrolls when taking damage.
You cannot study or use magical devices.
You are hated by all.
Your casting is slightly disrupted.


Message History

You bite the chaos spawn!
The chaos spawn is almost dead.
You are no longer corroded.
The chaos spawn gores you. The chaos spawn shocks you!
Your corrosive artefact corrodes you!
You completely miss the chaos spawn. You claw the chaos spawn.
You kill the chaos spawn!
The chaos spawn degenerates into a cloud of primal chaos!
The orc priest invokes the aid of Beogh against you.
You resist with significant effort.
The orc high priest mumbles some strange prayers to Beogh.
Really fly into that cloud of seething chaos? [Y]es or [N]o only, please.
Really fly into that cloud of seething chaos?
Okay, then.
Unknown command.
The orc priest looks braver for a moment.
The orc high priest begins to pray, but is stunned by your conviction!
The orc warrior is engulfed in seething chaos.
The orc warrior goes berserk!
The orc priest mumbles some strange prayers to Beogh against you.
Beogh smites you!
* * * LOW HITPOINT WARNING * * *
The orc priest invokes the aid of Beogh against you.
Beogh smites you!
* * * LOW HITPOINT WARNING * * *
You focus your inner power and slow the orc priest in retribution!
The sixfirhy hits you!
* * * LOW HITPOINT WARNING * * *
The sixfirhy shocks you!
* * * LOW HITPOINT WARNING * * *
You focus your inner power and paralyse the sixfirhy in retribution!
The orc high priest invokes the aid of Beogh against you.
Beogh smites you!
* * * LOW HITPOINT WARNING * * *
You focus your inner power and illuminate the orc high priest in retribution!
You feel less exhausted.
The orc knight begins to attack, but is stunned by your conviction!
The orc warrior hits you with a +0 short sword!
You die...

##..))......$).)oo......
#..)).......oooo))oo....
##...........oo.#o#o#.#.#
#...............#.4...o..
#...$)..........##.......
##.............4# ##.....
#..$.........3o.# ##...
#............o..# ###
##...........D############
#.....................#.##
#.....#..................#
#........#............#.##
#......#.###........#...##
#...#...............##..##
#...#..#............#....#
##.#....##.........#....###
# ##..# ##.#....##.......##


You could see an orc knight (strong), an orc high priest (strong, corona), a
rust devil (summoned), a sixfirhy (summoned, paralysed), an orc warrior
(berserk, strong), 3 orc priests and 2 orcs.

Vanquished Creatures
  Saint Roka (Orc:2)
  Harold (Orc:1)
  8 hydras
  3 catoblepae (Lair:6)
  2 centaur warriors (D:13)
  3 two-headed ogres
  24 death yaks
  A tengu warrior (D:13)
  Nergalle (Lair:1)
  2 deep elf pyromancers
  Pikel (D:9)
  An orc knight (Orc:2)
  An ugly thing (D:12)
  An orc sorcerer (Orc:2)
  A cyclops (D:10)
  2 manticores (Lair:6)
  11 elephants
  8 black mambas
  11 cane toads
  6 komodo dragons
  Psyche (D:11)
  2 kobold demonologists (D:13)
  3 rime drakes
  A tengu conjurer (D:13)
  4 trolls
  A meliai (Lair:4)
  Grinder (D:5)
  A hornet (D:10)
  26 dream sheep
  3 slime creatures
  31 blink frogs
  5 wraiths
  Eustachio (D:6)
  A wyvern (Lair:6)
  7 basilisks
  40 yaks
  4 fire bats (D:11)
  11 vampire mosquitoes
  5 wargs
  2 acid dragons
  A hell hound (D:11)
  15 water moccasins
  Duvessa (D:7)
  2 sky beasts (D:7)
  A necrophage (D:7)
  An ice beast (D:8)
  8 black bears
  9 orc warriors
  A hornet zombie (D:9)
  3 centaurs (Lair:2)
  5 ogres
  14 wolves
  A phantom (D:5)
  5 kobold brigands
  A gnoll sergeant (D:8)
  17 bullfrogs
  A scorpion (D:7)
  A water moccasin zombie (D:6)
  A wyvern skeleton (D:7)
  Dowan (D:7)
  21 killer bees
  7 wights (D:8)
  5 howler monkeys
  2 electric eels (Lair:1)
  2 lava snakes (D:11)
  2 bullfrog zombies
  3 centaur zombies
  2 hounds (D:5)
  13 orc priests
  3 bullfrog skeletons
  10 jellies
  Crazy Yiuf (D:5)
  A centaur skeleton (D:7)
  3 iguanas
  A gnoll shaman (Orc:2)
  Ijyb (D:3)
  15 orc wizards
  10 gnolls
  A howler monkey skeleton (D:7)
  8 adders
  A shadow imp (D:7)
  2 white imps (D:7)
  An adder zombie (D:2)
  A worm (D:4)
  3 dart slugs
  51 orcs
  5 ball pythons
  A bat skeleton (D:2)
  A bat zombie (D:2)
  25 endoplasms
  3 giant cockroaches
  6 goblins
  4 hobgoblins
  11 jackals
  11 kobolds
  A quokka (D:1)
  A bat (D:2)
  8 frilled lizards
  4 rats
  A fire vortex (D:11)
580 creatures vanquished.

Vanquished Creatures (others)
  An ugly thing (D:13)
  A manticore (D:12)
  A komodo dragon (Lair:4)
  A vampire mosquito (D:13)
  A centaur (Lair:2)
  A wight (D:8)
  2 fire vortices (D:11)
  30 fungi
  35 plants
  4 withered plants (D:2)
77 creatures vanquished.

Grand Total: 657 creatures vanquished

Notes
Turn   | Place    | Note
-------+----------+-------------------------------------------
     0 | D:1      | kae the Draconian Transmuter began the quest for the Orb.
     0 | D:1      | Reached XP level 1. HP: 16/16 MP: 3/3
   520 | D:1      | Reached XP level 2. HP: 20/23 MP: 3/5
  1253 | D:1      | Reached XP level 3. HP: 6/28 MP: 4/6
  1550 | D:1      | Learned a level 3 spell: Spider Form
  1883 | D:2      | Reached XP level 4. HP: 34/36 MP: 5/7
  2735 | D:3      | Noticed Ijyb
  2760 | D:3      | Killed Ijyb
  2761 | D:3      | Reached skill level 3 in Transmutations
  2761 | D:3      | Reached skill level 1 in Poison Magic
  3012 | D:3      | Reached XP level 5. HP: 41/41 MP: 6/8
  3444 | D:4      | Found a bloodstained altar of Trog.
  3444 | D:4      | Noticed a black bear
  3446 | D:4      | Noticed a black bear
  3468 | D:3      | Killed a black bear
  3469 | D:3      | Reached XP level 6. HP: 38/50 MP: 5/10
  4239 | D:5      | Entered Level 5 of the Dungeon
  4249 | D:5      | Reached skill level 4 in Transmutations
  4312 | D:5      | Your scales start taking on a fiery red colour.
  4312 | D:5      | Reached XP level 7. HP: 36/57 MP: 8/11
  4312 | D:5      | Gained mutation: Your flesh is heat resistant. (rF+) [Red
                  | Draconian growth]
  4496 | D:5      | Noticed Grinder
  4500 | D:5      | Paralysed by Grinder for 5 turns
  4511 | D:5      | Paralysed by Grinder for 3 turns
  4517 | D:5      | Killed Grinder
  4518 | D:5      | Reached skill level 5 in Unarmed Combat
  4641 | D:5      | Learned a level 4 spell: Ice Form
  5041 | D:5      | Reached skill level 1 in Ice Magic
  5138 | D:5      | Reached skill level 5 in Transmutations
  5162 | D:5      | Found a runed translucent door.
  5163 | D:5      | Noticed Crazy Yiuf
  5353 | D:5      | Reached XP level 8. HP: 64/64 MP: 13/13
  5520 | D:5      | Killed Crazy Yiuf
  5864 | D:6      | Found Xoruan's Magic Scroll Boutique.
  5871 | D:6      | Bought a scroll of identify for 22 gold pieces
  5871 | D:6      | Bought a scroll of identify for 22 gold pieces
  5871 | D:6      | Bought a scroll of magic mapping for 38 gold pieces
  5871 | D:6      | Bought a scroll of teleportation for 33 gold pieces
  6142 | D:6      | Noticed Eustachio
  6151 | D:6      | Killed Eustachio
  6308 | D:6      | Found a staircase to the Ecumenical Temple.
  6321 | Temple   | Entered the Ecumenical Temple
  6941 | Temple   | Became a worshipper of Ru the Awakened
  7911 | D:7      | Noticed Dowan
  7911 | D:7      | Noticed Duvessa
  7923 | D:7      | Killed Duvessa
  7924 | D:7      | Reached skill level 6 in Transmutations
  7926 | D:7      | Killed Dowan
  7929 | D:7      | Reached XP level 9. HP: 66/72 MP: 11/15
  8209 | D:7      | Identified the ring "Hunuc" {*Corrode rN+ Str+4 Dex+4
                  | Slay+4}
  8699 | D:7      | You fall into a shaft and drop 1 floor!
  8738 | D:8      | Reached skill level 5 in Fighting
  8754 | D:8      | Gained mutation: You are hated by all. [Ru sacrifice]
  8754 | D:8      | Reached * piety under Ru
  8754 | D:8      | Reached ** piety under Ru
  9091 | D:7      | Reached skill level 7 in Transmutations
  9677 | D:8      | Reached XP level 10. HP: 78/78 MP: 13/17
 10043 | D:8      | Noticed a deep elf pyromancer
 10060 | D:8      | Killed a deep elf pyromancer
 10061 | D:8      | Reached skill level 5 in Spellcasting
 10686 | D:9      | Noticed Pikel
 10697 | D:9      | Killed Pikel
 10698 | D:9      | Reached skill level 5 in Dodging
 10829 | D:9      | Reached skill level 5 in Ice Magic
 11349 | D:9      | Noticed a two-headed ogre
 11355 | D:9      | Killed a two-headed ogre
 11356 | D:9      | Reached skill level 8 in Transmutations
 11743 | D:9      | Learned a level 5 spell: Blade Hands
 11767 | D:10     | Entered Level 10 of the Dungeon
 12029 | D:10     | Gained mutation: You sometimes lose the ability to read
                  | scrolls when taking damage. [Ru sacrifice]
 12029 | D:10     | Reached *** piety under Ru
 12060 | D:10     | Noticed a cyclops
 12072 | D:10     | Killed a cyclops
 12554 | D:10     | Reached XP level 11. HP: 91/91 MP: 17/19
 12907 | D:10     | Reached skill level 9 in Transmutations
 13011 | D:10     | Found a staircase to the Orcish Mines.
 13808 | D:11     | Noticed Psyche
 13927 | D:11     | Killed Psyche
 13994 | D:11     | Noticed a death yak
 13996 | D:11     | Noticed a death yak
 13996 | D:11     | Noticed a death yak
 14004 | D:11     | Killed a death yak
 14009 | D:11     | Killed a death yak
 14014 | D:11     | Killed a death yak
 14561 | D:11     | Noticed a death yak
 14563 | D:11     | Noticed a death yak
 14564 | D:11     | Found a staircase to the Lair.
 14564 | D:11     | Noticed a death yak
 14564 | D:11     | Noticed a death yak
 14570 | D:11     | Killed a death yak
 14571 | D:11     | Reached skill level 10 in Unarmed Combat
 14579 | D:11     | Killed a death yak
 14580 | D:11     | Reached skill level 10 in Transmutations
 14586 | D:11     | Killed a death yak
 14591 | D:11     | Killed a death yak
 15141 | D:11     | Got the Incunabulum of Mutagenic Blows and Bruises
 15293 | D:12     | Gained mutation: You cannot study or use magical devices.
                  | [Ru sacrifice]
 15293 | D:12     | Reached **** piety under Ru
 15293 | D:12     | Reached ***** piety under Ru
 15555 | D:12     | Noticed a white ugly thing
 15566 | D:12     | Killed a white ugly thing
 15568 | D:12     | Noticed a deep elf pyromancer
 15579 | D:12     | Killed a deep elf pyromancer
 15580 | D:12     | Reached XP level 12. HP: 95/101 MP: 14/22
 15732 | D:12     | Noticed a two-headed ogre
 15740 | D:12     | Killed a two-headed ogre
 15916 | D:12     | Noticed a two-headed ogre
 15922 | D:12     | Killed a two-headed ogre
 16647 | D:13     | Noticed a centaur warrior
 16658 | D:13     | Killed a centaur warrior
 16928 | D:13     | Noticed a centaur warrior
 16934 | D:13     | Killed a centaur warrior
 17521 | D:13     | Reached skill level 11 in Transmutations
 17577 | D:13     | Noticed a tengu warrior
 17586 | D:13     | Killed a tengu warrior
 18258 | Lair:1   | Entered Level 1 of the Lair of Beasts
 18258 | Lair:1   | Noticed Nergalle
 18265 | Lair:1   | Killed Nergalle
 18903 | Lair:1   | Gained mutation: Your casting is slightly disrupted. [Ru
                  | sacrifice]
 18912 | Lair:1   | Learned a level 7 spell: Dragon Form
 19866 | Lair:2   | Reached XP level 13. HP: 85/110 MP: 22/24
 20427 | Lair:2   | Found a staircase to the Shoals.
 20856 | Lair:3   | Reached skill level 12 in Transmutations
 21134 | Lair:3   | Gained mutation: Your magical capacity is low. (-10% MP)
                  | [Ru sacrifice]
 21134 | Lair:3   | Reached ****** piety under Ru
 21944 | Lair:4   | Reached skill level 13 in Transmutations
 23314 | Lair:4   | Reached skill level 14 in Transmutations
 24131 | Lair:4   | Found a hole to the Spider Nest.
 24650 | Lair:4   | Found a hole to the Spider Nest.
 24768 | Lair:4   | Reached skill level 15 in Transmutations
 25574 | Lair:5   | Reached XP level 14. HP: 71/118 MP: 20/23
 26632 | Lair:5   | Found a staircase to the Slime Pits.
 26645 | Lair:5   | Reached skill level 16 in Transmutations
 27064 | Lair:6   | Entered Level 6 of the Lair of Beasts
 27815 | Lair:6   | Reached skill level 17 in Transmutations
 28356 | Lair:6   | Reached skill level 18 in Transmutations
 29151 | Orc:1    | Entered Level 1 of the Orcish Mines
 29294 | Orc:2    | Entered Level 2 of the Orcish Mines
 29328 | Orc:2    | Noticed Saint Roka
 29330 | Orc:2    | Reached XP level 15. HP: 124/124 MP: 5/24
 29337 | Orc:2    | Killed Saint Roka
 29338 | Orc:2    | Reached skill level 19 in Transmutations
 29624 | Orc:1    | Noticed Harold
 29630 | Orc:1    | Killed Harold
 29872 | Orc:2    | Found a staircase to the Elven Halls.
 30041 | Orc:2    | HP: 3/180 [orc high priest/divine providence (16)]
 30042 | Orc:2    | Mangled by an orc warrior

Illustrated notes

Levels and vault maps discovered:
D:1:      saegor_arrival_miasma, layout_basic, chequers_serial_rivers_room_b
D:2:      layout_basic, serial_undead, serial_undead_d, serial_undead_c,
          serial_undead_f, serial_undead_a, minmay_lizard_pond
D:3:      layout_rooms, uniq_ijyb
D:4:      layout_gridville, trog_ov_bears_minmay, serial_glass, glass_columns_b,
          glass_columns_a
D:5:      layout_loops_ring, dk_noncrumbling_2, uniq_grinder,
          uniq_crazy_yiuf_cottage
D:6:      layout_basic, minmay_temple_entry_statues_pillars, serial_shops,
          nicolae_shop_stone, nicolae_concentric_dashed_squares_wild,
          uniq_eustachio
D:7:      lemuel_slime, layout_loops_ring, enter_bailey_8,
          minmay_joined_circles, uniq_duvessa
D:8:      layout_cave_pools, kennysheep_just_a_vault
D:9:      layout_roguey, uniq_pikel
D:10:     layout_stronghold, orc_0_dummy
D:11:     layout_irregular_city, dpeg_lair_monsters, hangedman_incinerator,
          uniq_psyche
D:12:     layout_gridville
D:13:     layout_cave_pods
Temple:   mainiacjoe_temple_starburst
Lair:1:   layout_concentric_octagons, chequers_serial_rivers_small_a,
          serial_bayou_lagoon_b, lemuel_fruit_fields, uniq_nergalle
Lair:2:   layout_long_grid, minmay_shoals_entry_centaurs, minmay_hedge_maze,
          infiniplex_staircase_pool_2
Lair:3:   layout_loops_ring, chequers_serial_rivers_marsh,
          grunt_forest_small_clearings, lemuel_fruit_fields
Lair:4:   layout_cellular_growth, hellmonk_spider_entry_not_the_bees
Lair:5:   layout_roguey, minmay_slime_entry_pillars,
          grunt_forest_small_clearing_treed, grunt_megastairs_1,
          serial_bayou_shore_b, serial_bayou_shore_a
Lair:6:   evilmike_catoblepas_cave, layout_regular_city, grunt_megastairs_3
Orc:1:    layout_caves, serial_shops, shop, mines1_david, uniq_harold
Orc:2:    st_orc_pillars, layout_diamond_mine, uniq_saint_roka

Skill      XL: |  1  2  3  4  5  6  7  8  9 10 11 12 13 14 15 |
---------------+----------------------------------------------+-----
Dodging        | 2 3 4 5 6 7 8 |  8.0
Transmutations | 3 4 5 6 7 8 10 11 15 18 19 | 19.1
Poison Magic   | 1 2 |  2.0
Fighting       | 2 3 4 5 6 7 8 9 |  9.0
Unarmed Combat | 4 5 6 7 9 10 11 12 | 12.0
Spellcasting   | 3 4 5 6 7 8 |  8.0
Ice Magic      | 1 2 4 5 |  5.0

Action                   |  1- 3 |  4- 6 |  7- 9 | 10-12 | 13-15 || total
-------------------------+-------+-------+-------+-------+-------++-------
Melee: Unarmed           |    99 |   181 |   332 |   414 |   555 ||  1581
       Kick              |    16 |    32 |     1 |       |       ||    49
       Headbutt          |     7 |    23 |       |       |       ||    30
       Tailslap          |     7 |     6 |     4 |    50 |    87 ||   154
       Punch             |       |     4 |     1 |    16 |    52 ||    73
       Bite              |       |       |       |       |    18 ||    18
 Cast: Beastly Appendage |    19 |    31 |     1 |       |       ||    51
       Spider Form       |     2 |     4 |    20 |       |       ||    26
       Ice Form          |       |       |    12 |    20 |     7 ||    39
       Blade Hands       |       |       |       |    47 |    64 ||   111
       Dragon Form       |       |       |       |       |    20 ||    20
Invok: Sacrifice Love    |       |       |     1 |       |       ||     1
       Sacrifice Words   |       |       |       |     1 |       ||     1
       Sacrifice Artific |       |       |       |     1 |       ||     1
       Draw Out Power    |       |       |       |     2 |     1 ||     3
       Sacrifice Essence |       |       |       |     1 |     1 ||     2
 Abil: Breathe Fire      |       |       |     1 |     6 |     7 ||    14
  Use: Scroll            |     4 |     7 |     8 |     7 |     2 ||    28
       Potion            |       |       |     2 |     2 |       ||     4
 Stab: Sleeping          |     1 |       |       |       |       ||     1
       Invisible         |       |       |     3 |     4 |     4 ||    11
       Distracted        |       |       |       |     1 |     1 ||     2
       Paralysed         |       |       |       |     2 |     3 ||     5
Armor: Skin              |    35 |    74 |   124 |   152 |   198 ||   583
Dodge: Dodged            |   104 |   162 |   190 |   274 |   332 ||  1062

Table legend: (Time is in decaauts)
 A = Elapsed time spent in this place.
 B = Non-inter-level travel time spent in this place.
 C = Inter-level travel time spent in this place.
 D = Time resting spent in this place.
 E = Time spent auto-exploring this place.
 F = Levels seen in this place.
 G = Mean time per level.
                   A        B        C        D        E       F      G
               +--------+--------+--------+--------+--------+-----+--------+
         Total |  29865 |  28814 |   1051 |   3684 |  21480 |  22 | 1357.5 |
       Dungeon |  17714 |  17177 |    537 |   2419 |  12540 |  13 | 1362.6 |
        Temple |    674 |    571 |    103 |      0 |    562 |   1 |  674.0 |
          Lair |  10603 |  10230 |    373 |   1225 |   7787 |   6 | 1767.2 |
  Orcish Mines |    873 |    836 |     37 |     40 |    590 |   2 |  436.5 |
               +--------+--------+--------+--------+--------+-----+--------+

Top non-repeatable levels by time:
  Lair:4: 2971 daAuts
    D:11: 2102 daAuts
  Lair:6: 1905 daAuts
  Lair:3: 1765 daAuts
    D:10: 1629 daAuts
     D:7: 1612 daAuts
    D:13: 1612 daAuts
     D:1: 1544 daAuts
  Lair:5: 1523 daAuts
  Lair:1: 1455 daAuts
     D:8: 1438 daAuts
    D:12: 1330 daAuts
     D:5: 1268 daAuts
     D:6: 1203 daAuts
     D:2: 1176 daAuts
